 Dungeon Crawl Stone Soup version 0.30.1-11-g7821555f0a (webtiles) character file.

Game seed: 16492653291265951938

251 Sareth the Magician (level 6, -2/40 HPs)
             Began as a Djinni Conjurer on Nov 11, 2023.
             Slain by Sigmund
             ... wielding a +0 scythe
              (3 damage)
             ... on level 3 of the Dungeon.
             The game lasted 00:19:06 (2830 turns).

Sareth the Magician (Djinni Conjurer)               Turns: 2830, Time: 00:19:07

Health: -2/40      AC:  9    Str:  4    XL:     6   Next: 36%
Gold:   93         EV: 14    Int: 22    God:
                   SH:  0    Dex: 11

rFire   + + .        k - staff of conjuration
rCold   x . .        (no shield)
rNeg    . . .        o - +0 animal skin
rPois   ∞            (helmet restricted)
rElec   .            s - +0 cloak
rCorr   .            (no gloves)
SInv    .            (boots unavailable)
Will    .....        (no amulet)
Stlth   +++          n - +4 ring of protection
HPRegen 0.26/turn    (no ring)
MPRegen 0.00/turn

%: infuse magic (-3 HP)
@: flying
A: sickness immunity, fire resistance 2, cold vulnerability 1, float, innate
caster, HP casting, extra vitality 1, horns 1, iridescent scales 1, weak 1,
MP-powered wands
a: no special abilities


You were on level 3 of the Dungeon.
You visited 1 branch of the dungeon, and saw 3 of its levels.

You collected 93 gold pieces.

Inventory:

Hand Weapons
 r - a +3 quarterstaff of chaos
 t - a +0 hammer
Missiles
 q - 2 poisoned darts
Armour
 a - a +0 robe
 o - a +0 animal skin (worn)
 p - a +0 helmet
 s - a +0 cloak (worn)
Magical Staves
 k - a staff of conjuration (weapon)
Jewellery
 n - a +4 ring of protection (left hand)
Scrolls
 b - 2 scrolls of identify
Potions
 h - a potion of berserk rage
 l - a potion of lignification


   Skills:
 + Level 4.2 Staves
 + Level 6.0 Dodging
 + Level 4.7 Stealth
 + Level 7.2 Spellcasting
 + Level 4.7 Evocations


You knew the following spells:

 Your Spells              Type           Power      Damage    Failure   Level
a - Magic Dart            Conj           100%       1d8       1%          1
b - Searing Ray           Conj           100%       2d8       1%          2
c - Dazzling Flash        Conj/Hex       100%       N/A       1%          3
d - Fulminant Prism       Conj/Hex       28%        3d14      4%          4
e - Iskenderun's Mystic   Conj/Tloc      56%        2d12      4%          4
f - Beastly Appendage     Tmut           78%        N/A       1%          1
g - Call Imp              Summ           78%        N/A       1%          2
Your spell library was empty.

Dungeon Overview and Level Annotations

Branches:
Dungeon (3/15)

Altars:

Annotations:
D:3 Sigmund


Innate Abilities, Weirdness & Mutations

You are immune to sickness and miasma.
You are immune to poison.
Your flesh is very heat resistant. (rF++)
You are vulnerable to cold. (rC-)
You float through the air rather than walking.
You learn spells naturally, not from books.
Your magical power is your life essence.
You have superior vitality. (+4 MHP)
You have a pair of small horns on your head.
You are partially covered in iridescent scales. (AC +2)
You are weak. (Str -2)
You expend health (3 HP) to strengthen your wands.


Message History

A puff of flame appears from out of thin air!
The puff of flame hits your fulminant prism.
Your fulminant prism resists.
You hear an explosion!
The blast of energy engulfs your fulminant prism!!
Your fulminant prism detonates feebly.
The blast of energy engulfs your cerulean imp!
You kill your cerulean imp!
Your cerulean imp disappears in a puff of smoke!
Aiming: Fulminant Prism (dangerous; 4% risk of failure)
Press: ? - help, Q - select action, (/) - cycle Dir - move target You feel a surge of power!
You miscast Fulminant Prism.
You are very lightly contaminated with residual magic.
Nothing appears to happen.
Aiming: Fulminant Prism (dangerous; 4% risk of failure)
Press: ? - help, Q - select action, (/) - cycle Dir - move target You feel a surge of power!
You conjure a prism of explosive energy!
A fulminant prism comes into view.
Something hits your fulminant prism.
Your fulminant prism crackles loudly.
Your fulminant prism explodes!
Something hits you!
Your magical contamination has completely faded away.
A magic dart appears from out of thin air!
The magic dart hits you. Something hits you.
* * * LOW HITPOINT WARNING * * *
Something hits you!
* * * LOW HITPOINT WARNING * * *
Something hits you but does no damage.
You hear some strange, mumbled words.
A puff of flame appears from out of thin air!
The puff of flame hits you but does no damage.
You hear some strange, mumbled words.
A puff of flame appears from out of thin air!
The puff of flame hits you. You resist.
* * * LOW HITPOINT WARNING * * *
Something hits you.
You die...

#.##.# #.# ##+## #.#
##.##.###.# #.# .#
#.........# #.# #.###.###.#
##.## #.# #.# #.#
##...######### #.#
#.###.####...#.........
#.###...........###.#######
#.........####.## ##.#
########### ##@###.##
##.#*## #{.## #.## #...
#..# #..# #..# $...


There were no monsters in sight!

Vanquished Creatures
  Crazy Yiuf (D:2)
  Robin (D:2)
  2 adders
  A worm (D:2)
  5 dart slugs
  8 bats
  4 endoplasms
  A giant cockroach (D:1)
  13 goblins
  5 hobgoblins
  4 jackals (D:1)
  3 ball pythons (D:1)
  5 frilled lizards
  3 kobolds
  6 rats
  A fulminant prism (D:3)
63 creatures vanquished.

Vanquished Creatures (others)
  2 fulminant prisms (D:3)
2 creatures vanquished.

Grand Total: 65 creatures vanquished

Notes
Turn   | Place    | Note
-------+----------+-------------------------------------------
     0 | D:1      | Sareth the Djinni Conjurer began the quest for the Orb.
     0 | D:1      | Sareth set off with the following spells memorised: Magic
                  | Dart, Searing Ray, Dazzling Flash, Fulminant Prism,
                  | Iskenderun's Mystic Blast.
     0 | D:1      | Reached XP level 1. HP: 15/15 MP: 0/0
   141 | D:1      | Reached XP level 2. HP: 18/21 MP: 0/0
   362 | D:1      | Reached XP level 3. HP: 23/25 MP: 0/0
   362 | D:1      | Learned a level 1 spell: Beastly Appendage
   489 | D:1      | Found a faded altar of an unknown god.
   669 | D:1      | Reached skill level 4 in Spellcasting
  1250 | D:2      | Reached XP level 4. HP: 22/31 MP: 0/0
  1442 | D:2      | Found a runed translucent door.
  1761 | D:2      | Noticed Crazy Yiuf
  1898 | D:2      | Noticed Robin
  1921 | D:2      | Killed Robin
  2311 | D:2      | Killed Crazy Yiuf
  2312 | D:2      | Reached XP level 5. HP: 32/35 MP: 0/0
  2312 | D:2      | Learned a level 2 spell: Call Imp
  2484 | D:2      | Gained mutation: You expend health (3 HP) to strengthen
                  | your wands. [potion of mutation]
  2484 | D:2      | Gained mutation: You are weak. (Str -2) [potion of
                  | mutation]
  2484 | D:2      | Gained mutation: You have a pair of small horns on your
                  | head. [potion of mutation]
  2484 | D:2      | Gained mutation: You are partially covered in iridescent
                  | scales. (AC +2) [potion of mutation]
  2807 | D:3      | Noticed Sigmund
  2809 | D:3      | Reached skill level 7 in Spellcasting
  2809 | D:3      | Reached XP level 6. HP: 36/40 MP: 0/0
  2825 | D:3      | HP: 2/40 [something (8)]
  2830 | D:3      | Slain by Sigmund

Illustrated notes

Levels and vault maps discovered:
D:1:      dpeg_arrival_lava_temple_mockup, layout_basic,
          ebering_ecumenical_altar_hall, minmay_3d_cube
D:2:      layout_rooms, grunt_decor_resistance, nicolae_elevator_lobby_plus,
          uniq_crazy_yiuf_cottage, uniq_robin
D:3:      layout_loops_corners, serial_shops, shop, uniq_sigmund

Skill      XL: |  1  2  3  4  5 |
---------------+----------------+-----
Spellcasting   | 4 7 |  7.2
Staves         | 4 |  4.2
Dodging        | 6 |  6.0
Stealth        | 4 |  4.7
Evocations     | 4 |  4.7

Action                     |  1- 3 |  4- 6 || total
---------------------------+-------+-------++-------
  Melee: Unarmed           |     1 |       ||     1
         Staff             |       |    39 ||    39
         Punch             |       |     1 ||     1
   Cast: Magic Dart        |    54 |    74 ||   128
         Searing Ray       |     9 |    16 ||    25
         Call Imp          |       |     2 ||     2
         Fulminant Prism   |       |     3 ||     3
    Use: Scroll            |       |     9 ||     9
         Potion            |       |     3 ||     3
 Armour: Robe              |     6 |    10 ||    16
         Animal skin       |       |     2 ||     2
  Dodge: Dodged            |    10 |    14 ||    24
